 Dungeon Sprint DCSS version 0.19-a0-1815-g4007336 (webtiles) character file.

26625 wazuzu the Axe Maniac (level 13, -2/204 HPs)
             Began as a Hill Orc Fighter on Oct 5, 2016.
             Was the Champion of Qazlal.
             Slain by Bapeng Eclant the pandemonium lord (33 damage)
             ... in the Dungeon (Sprint V: "Ziggurat Sprint").
             The game lasted 00:12:46 (1726 turns).

wazuzu the Axe Maniac (Hill Orc Fighter)            Turns: 1726, Time: 00:12:46

Health: -2/204     AC: 33    Str: 41    XL:     13   Next: 27%
Magic:  15/22      EV: 17    Int:  8    God:    Qazlal [******]
Gold:   0          SH:  8    Dex: 15    Spells: 0 memorised, 12 levels left

rFire  + + .     SeeInvis .     y - +5 executioner's axe (freeze)
rCold  + + .     Gourm    .     l - +5 gold dragon armour
rNeg   + . .     Faith    .     (shield currently unavailable)
rPois  +         Spirit   .     I - +2 hat {MR+}
rElec  +         Dismiss  .     F - +2 cloak {MR+}
rCorr  +         Reflect  .     (no gloves)
MR     +++++     Harm     .     (no boots)
Stlth  .......... Clarity  +    K - amulet of the Four Winds {rN+ MR+++ Clar} NoTele +
                                C - +6 ring of strength
                                B - +6 ring of strength

@: mighty, agile, berserking, resistant, protected from physical damage, very
slightly contaminated, hasted, repel missiles, very quick
A: no striking features
a: Upheaval, Elemental Force, Disaster Area, Renounce Religion


You were in the Dungeon.
You worshipped Qazlal.
Qazlal was exalted by your worship.
You were not hungry.

You visited 1 branch

Inventory:

Hand Weapons
 y - a +5 executioner's axe of freezing (weapon)
Armour
 l - a +5 gold dragon armour (worn)
 F - a +2 cloak of magic resistance (worn)
 I - a +2 hat of magic resistance (worn)
Jewellery
 B - a +6 ring of strength (left hand)
 C - a +6 ring of strength (right hand)
 K - the amulet of the Four Winds (around neck) {rN+ MR+++ Clar}
   (You found it in the Dungeon)

   [amulet of nothing]

   It protects you from negative energy.
   It affects your resistance to hostile enchantments.
   It protects you against confusion.
Wands
 a - a wand of disintegration (7/24)
 b - a wand of iceblast (5/15)
 c - a wand of lightning (5/15)
 p - a wand of acid (5/15)
Scrolls
 k - 4 scrolls of blinking
 r - 4 scrolls of amnesia
 s - 3 scrolls of recharging
 t - 7 scrolls of fog
 u - a scroll of holy word
 v - 5 scrolls of identify
 w - 5 scrolls of remove curse
 x - 2 scrolls of fear
Potions
 d - 5 potions of might
 e - 10 potions of curing
 g - 8 potions of heal wounds
 h - 4 potions of haste
 i - 7 potions of magic
 m - 2 potions of brilliance
 n - 2 potions of invisibility
 o - 2 potions of resistance
 q - 4 potions of agility
Miscellaneous
 D - a sack of spiders
 E - a phantom mirror
Comestibles
 f - 4 bread rations
 z - 42 fruits
 A - 4 meat rations


   Skills:
 - Level 18.8 Fighting
 O Level 27 Axes
 * Level 14.4 Armour
 + Level 7.9 Dodging
   Level 3.2 Shields
 - Level 12.6 Invocations


You had 12 spell levels left.
You didn't know any spells.

Dungeon Overview and Level Annotations

Branches:
Dungeon (1/1)

Altars:
Ashenzari
Cheibriados
Dithmenos
Elyvilon
Fedhas
Gozag
Hepliaklqana
Kikubaaqudgha
Makhleb
Nemelex Xobeh
Okawaru
Qazlal
Ru
Sif Muna
Trog
Uskayaw
Vehumet
Xom
Yredelemnul
Zin
The Shining One
Beogh
Jiyva
Lugonu


Message History

Nenumuj is heavily wounded.
You slice the ice devil!! You completely miss something.
The red devil misses you. Nenumuj barely misses you. Something hits you!
* * * LOW HITPOINT WARNING * * *
You slash Nenumuj!
Nenumuj is severely wounded.
You slash the ice devil!
You kill the ice devil!
Qazlal accepts your kill.
You closely miss something. You block Nenumuj's attack.
Something hits you but does no damage.
You hit Nenumuj but do no damage.
Nenumuj is heavily wounded.
You completely miss something.
The red devil hits you but does no damage.
You slice Nenumuj!! You freeze Nenumuj.
Nenumuj is severely wounded.
You miss something. You closely miss the chaos spawn.
Nenumuj hits you but does no damage. Something hits you!!
You die...

▓...8©8...▓.
▓..[|[)|:.▓..)":)}..▓.
▓..}||)}..▓..)}.:\..▓.
▓.........▓.........▓.
▓.........▓.........▓.
▓.........▓.........▓.
▓..4...§..▓.........▓.
▓..▓.4{▓..▓.........▓.
▓.▓§.@&§▓.▓.▓.....▓.▓.
▓.........▓.........▓▓
▓▓▓▓▓▓▓▓▓▓▓▓▓▓▓▓▓▓▓▓▓


You could see Nenumuj, a chaos spawn and a red devil.

Vanquished Creatures
  3 pandemonium lords (D)
  An Executioner (D)
  A shadow dragon (D)
  A ghoul (D)
  A green death (D)
  A dancing weapon (D)
  An orc high priest (D)
  3 soul eaters (D)
  2 sixfirhies (D)
  A deep elf archer (D)
  2 deep elf magi (D)
  2 wolf spiders (D)
  3 toenail golems (D)
  A hellwing (D)
  An ice devil (D)
  A ynoxinul (D)
  3 redbacks (D)
  A neqoxec (D)
  A fire elemental (D)
  A chaos spawn (D)
  A hell hound (D)
  An eye of draining (D)
  3 scorpions (D)
  A wight (D)
  2 crimson imps (D)
  A quasit (D)
  3 orc priests (D)
  An orc wizard (D)
  An iron imp (D)
  2 shadow imps (D)
  A white imp (D)
  3 oozes (D)
  3 adder skeletons (D)
  2 adder zombies (D)
  An orc (D)
  3 spectral bats (D)
  3 bat skeletons (D)
  A bat zombie (D)
  A ball python skeleton (D)
  A ball python zombie (D)
  2 giant cockroach zombies (D)
  A jackal skeleton (D)
  A leopard gecko skeleton (D)
  A leopard gecko zombie (D)
71 creatures vanquished.

Vanquished Creatures (others)
  A spatial maelstrom (D)
1 creature vanquished.

Grand Total: 72 creatures vanquished

Notes
Turn   | Place    | Note
-------+----------+-------------------------------------------
     0 | D        | wazuzu the Hill Orc Fighter began the quest for the Orb.
     0 | D        | Reached XP level 1. HP: 19/19 MP: 1/1
     0 | D        | Found a blossoming altar of Fedhas.
     7 | D        | Found a deep blue altar of Sif Muna.
     7 | D        | Found a sacrificial altar of Ru.
     7 | D        | Found a bloodstained altar of Trog.
     7 | D        | Found a stormy altar of Qazlal.
     7 | D        | Found an iron altar of Okawaru.
     7 | D        | Found a sparkling altar of Nemelex Xobeh.
     9 | D        | Found an ancient bone altar of Kikubaaqudgha.
     9 | D        | Found a viscous altar of Jiyva.
     9 | D        | Found a corrupted altar of Lugonu.
     9 | D        | Found a hazy altar of Hepliaklqana.
     9 | D        | Found a burning altar of Makhleb.
     9 | D        | Found an opulent altar of Gozag.
     9 | D        | Banished a spatial maelstrom
    38 | D        | Reached skill level 5 in Fighting
    38 | D        | Reached skill level 7 in Axes
    38 | D        | Reached skill level 5 in Armour
    38 | D        | Reached XP level 2. HP: 30/30 MP: 2/2
    68 | D        | Became a worshipper of Qazlal Stormbringer
    77 | D        | Entered arena 1.
    81 | D        | Reached * piety under Qazlal
    81 | D        | Reached XP level 3. HP: 35/38 MP: 3/3
    88 | D        | Entered arena 2.
    88 | D        | Noticed a toenail golem
    88 | D        | Noticed a toenail golem
    88 | D        | Noticed a toenail golem
    93 | D        | Killed a toenail golem
    93 | D        | Reached skill level 15 in Axes
    93 | D        | Reached XP level 4. HP: 42/45 MP: 4/4
    93 | D        | Reached XP level 5. HP: 48/51 MP: 5/5
    93 | D        | Reached XP level 6. HP: 54/58 MP: 6/6
    94 | D        | Killed a toenail golem
    94 | D        | Reached skill level 18 in Axes
    94 | D        | Reached XP level 7. HP: 60/64 MP: 7/7
    96 | D        | Killed a toenail golem
    96 | D        | Reached ** piety under Qazlal
    96 | D        | Reached skill level 19 in Axes
    96 | D        | Reached XP level 8. HP: 67/71 MP: 8/8
   104 | D        | Entered arena 3.
   120 | D        | Entered arena 4.
   120 | D        | Noticed Liliaf the pandemonium lord
   123 | D        | Reached *** piety under Qazlal
   123 | D        | Reached skill level 20 in Axes
   133 | D        | Killed Liliaf the pandemonium lord
   133 | D        | Reached skill level 25 in Axes
   133 | D        | Reached XP level 9. HP: 9/78 MP: 1/9
   133 | D        | Reached XP level 10. HP: 9/84 MP: 1/10
   140 | D        | Reached **** piety under Qazlal
   422 | D        | Entered arena 5.
   427 | D        | Reached skill level 26 in Axes
   439 | D        | Identified the Tome of Arcane Weapons (You found it in the Dungeon)
   442 | D        | Entered arena 6.
   442 | D        | Noticed a deep elf mage
   442 | D        | Noticed an orc high priest
   442 | D        | Noticed a deep elf mage
   442 | D        | Noticed a deep elf archer
   442 | D        | Noticed a scimitar of venom
   447 | D        | Reached ***** piety under Qazlal
   452 | D        | Killed a scimitar of venom
   453 | D        | Killed an orc high priest
   453 | D        | Reached skill level 27 in Axes
   456 | D        | Killed a deep elf mage
   456 | D        | Reached skill level 1 in Dodging
   458 | D        | Killed a deep elf archer
   458 | D        | Reached XP level 11. HP: 14/94 MP: 11/11
   458 | D        | Killed a deep elf mage
   838 | D        | Entered arena 7.
   841 | D        | Reached ****** piety under Qazlal
   854 | D        | Got the ring of Ecloj {+Fly rPois rN+ MR- MP+9 Stlth+}
   856 | D        | Entered arena 8.
   856 | D        | Noticed Plog the pandemonium lord
   856 | D        | Noticed a soul eater
   862 | D        | Killed a soul eater
   862 | D        | Reached skill level 10 in Fighting
   868 | D        | Killed Plog the pandemonium lord
   868 | D        | Reached XP level 12. HP: 29/125 MP: 12/12
  1208 | D        | Entered arena 9.
  1228 | D        | Entered arena 10.
  1242 | D        | Got the amulet of Immorality {Inacc rN+ Str-2 Dex+4}
  1256 | D        | Entered arena 11.
  1256 | D        | Noticed a soul eater
  1256 | D        | Noticed a ghoul
  1257 | D        | Noticed a soul eater
  1258 | D        | Noticed a shadow dragon
  1269 | D        | Killed a ghoul
  1271 | D        | Killed a soul eater
  1275 | D        | Killed a soul eater
  1275 | D        | Reached skill level 10 in Invocations
  1278 | D        | Killed a shadow dragon
  1702 | D        | Entered arena 12.
  1702 | D        | Noticed Bapeng Eclant the pandemonium lord
  1702 | D        | Noticed Rukhaw the pandemonium lord
  1702 | D        | Noticed a green death
  1703 | D        | Noticed an Executioner
  1703 | D        | Noticed Nenumuj the pandemonium lord
  1713 | D        | Killed an Executioner
  1713 | D        | Reached skill level 10 in Armour
  1713 | D        | Reached skill level 5 in Dodging
  1715 | D        | Killed Rukhaw the pandemonium lord
  1715 | D        | Reached XP level 13. HP: 58/136 MP: 14/22
  1719 | D        | Killed a green death
  1726 | D        | Slain by Bapeng Eclant the pandemonium lord

Vault maps used:
D:        sprint_v

Skill      XL: |  1  2  3  4  5  6  7  8  9 10 11 12 13 |
---------------+----------------------------------------+-----
Fighting       | 5 6 8 17 18 | 18.8
Axes           | 7 15 18 19 25 27 | 27.0
Armour         | 5 6 7 8 13 14 | 14.4
Dodging        | 2 3 7 |  7.9
Invocations    | 12 | 12.6
Shields        | |  3.2

Action                   |  1- 3 |  4- 6 |  7- 9 | 10-12 | 13-15 || total
-------------------------+-------+-------+-------+-------+-------++-------
Melee: Executioner's axe |     7 |     1 |    20 |    87 |     9 ||   124
  Use: Potion            |     1 |       |     1 |     8 |     2 ||    12
       Scroll            |       |       |       |     1 |       ||     1
  Eat: Bread ration      |       |       |       |     1 |       ||     1
Armor: Gold dragon armou |    21 |     2 |     9 |    56 |    12 ||   100
Dodge: Dodged            |     7 |       |     2 |    41 |    10 ||    60
       Deflected         |       |       |       |     1 |       ||     1
Block: Other             |       |       |     1 |    35 |     5 ||    41
